 Dungeon Crawl Stone Soup version 0.18-a0-943-g2c08dd4 (webtiles) character file.

1074 George the Slasher (level 8, -9/61 HPs)
             Began as a Demonspawn Gladiator on Dec 28, 2015.
             Was a Believer of Okawaru.
             Killed by divine providence
             ... invoked by an orc priest
              (15 damage)
             ... on level 6 of the Dungeon.
             The game lasted 00:10:37 (5391 turns).

George the Slasher (Demonspawn Gladiator)           Turns: 5391, Time: 00:10:37

Health: -9/61      AC: 18    Str: 22    XL:     8   Next: 7%
Magic:  0/11       EV: 12    Int: 10    God:    Okawaru [**....]
Gold:   335        SH:  0    Dex: 13    Spells: 2 memorised, 5 levels left

rFire  . . .     SeeInvis .     a - +1 long sword
rCold  . . .     Gourm    .     S - +1 chain mail of the Moon {Str+4}
rNeg   . . .     Faith    .     (no shield)
rPois  .         Spirit   +     c - +0 helmet
rElec  .         Dismiss  .     C - +1 cloak
rCorr  .         Reflect  .     K - +0 pair of gloves
SustAt .         Harm     .     (no boots)
MR     .....                    (no amulet)
Stlth  ..........               (no ring)
                                (no ring)

@: heroism, not resistant to hostile enchantments, extremely unstealthy
A: claws 1, molten scales 1, magic shield
a: Heroism, Renounce Religion


You were on level 6 of the Dungeon.
You worshipped Okawaru.
Okawaru was pleased with you.
You were not hungry.

You visited 2 branches of the dungeon, and saw 7 of its levels.

You collected 335 gold pieces.

Inventory:

Hand Weapons
 a - a +1 long sword (weapon)
 O - a +0 short sword of speed
Missiles
 d - 2 throwing nets (quivered)
 H - 6 needles of slowing
 I - 30 poisoned needles
Armour
 c - a +0 helmet (worn)
 C - a +1 cloak (worn)
 K - a +0 pair of gloves (worn)
 S - the +1 chain mail of the Moon (worn) {Str+4}
   (You found it on level 6 of the Dungeon)

   It affects your strength (+4).
Wands
 y - a wand of teleportation (4/9)
Scrolls
 h - 2 scrolls of identify
 l - 2 scrolls of remove curse
 m - 2 scrolls of magic mapping
 o - a scroll of recharging
 s - a scroll of blinking
 w - a scroll of teleportation
 A - 3 scrolls of enchant weapon
 J - a scroll of enchant armour
Potions
 g - a potion of flight
 k - 2 potions of heal wounds
 n - 2 potions of curing
 p - a potion of haste
 N - a potion of cure mutation {unknown}
 R - a potion of might {unknown}
Comestibles
 f - 4 bread rations
 j - a fruit
 u - a beef jerky
 F - a meat ration
 G - a slice of pizza
 P - a royal jelly


   Skills:
 + Level 4.4(9.4) Fighting
 + Level 6.0(11.0) Long Blades
 - Level 1.7(6.7) Throwing
 + Level 3.3(8.3) Armour
 - Level 3.2(8.2) Dodging
 + Level 5.3 Invocations


You had 5 spell levels left.
You knew the following spells:

 Your Spells              Type           Power        Failure   Level  Hunger
a - Apportation           Tloc           #.........   99%         1    ##.....
b - Summon Butterflies    Summ           #.......     99%         1    ##.....


Dungeon Overview and Level Annotations

Branches:
Dungeon (6/15)             Temple (1/1) D:6

Altars:
Dithmenos
Elyvilon
Makhleb
Nemelex Xobeh
Okawaru
Pakellas
Sif Muna
Trog
Vehumet
Xom
Yredelemnul
Zin
The Shining One

Annotations:
D:5 exclusion: statue


Innate Abilities, Weirdness & Mutations

You have sharp fingernails.
You are partially covered in molten scales (AC +1).
When hurt, damage is shared between your health and your magic reserves.


Message History

The hound misses you.
You closely miss the hound.
The hound is almost dead.
The hound bites you but does no damage.
The orc warrior hits you from afar with a trident!
* * * LOW HITPOINT WARNING * * *
The orc priest miscasts a cantrip.
The hound barely misses you.
You gain the combat prowess of a mighty hero.
You feel slightly more hungry. The hound closely misses you.
You closely miss the hound.
The hound is almost dead.
The hound bites you but does no damage. The orc warrior barely misses you.
The hound completely misses you.
You closely miss the hound.
The hound is almost dead.
The orc warrior closely misses you. The hound bites you but does no damage.
The orc priest calls down the wrath of Beogh upon you.
Something smites you!
You die...

##.....####.## .. ....#
......#####..# .##.....
#........###.## ..#Z...
#...####..##..## ....>.
......#######..# #..... #.#.#.#
#####..# #..... ......###.....##
####....
#.#.#.....################.......
.......#######..@ho...o....######
#.#.#...........############
.......####.###.# #.#.#..#
#.#⌠#.# .......####.###.#
................#
##########.....## #######


You could see an orc warrior, a hound and an orc priest.

Vanquished Creatures
  Pikel (D:5)
  A vampire bat (D:3)
  3 orc wizards
  2 crimson imps (D:5)
  Crazy Yiuf (D:5)
  An orc priest (D:3)
  A hound (D:4)
  Jessica (D:2)
  An iguana (D:6)
  2 worker ants (D:5)
  Ijyb (D:2)
  Terence (D:2)
  A hound skeleton (D:4)
  9 adders
  An ooze (D:3)
  An adder skeleton (D:4)
  9 orcs
  7 giant cockroaches
  6 hobgoblins
  4 jackals (D:6)
  7 kobolds
  4 quokkas
  A ball python (D:2)
  10 bats
  4 giant newts
  8 goblins
  8 rats
96 creatures vanquished.

Vanquished Creatures (others)
  A crimson imp (D:5)
  A hound (D:5)
  An iguana (D:5)
  An orc priest (D:5)
  A statue (D:5)
  6 orcs (D:5)
  4 jackals (D:5)
15 creatures vanquished.

Grand Total: 111 creatures vanquished

Notes
Turn   | Place    | Note
--------------------------------------------------------------
     0 | D:1      | George the Demonspawn Gladiator began the quest for the Orb.
     0 | D:1      | Reached XP level 1. HP: 16/16 MP: 1/1
   368 | D:1      | Reached skill level 3 in Long Blades
   431 | D:1      | Gained mutation: You are partially covered in molten scales (AC +1). [demonic ancestry]
   431 | D:1      | Reached XP level 2. HP: 19/22 MP: 2/2
  1327 | D:2      | Noticed Terence
  1338 | D:2      | Killed Terence
  1338 | D:2      | Reached skill level 4 in Long Blades
  1338 | D:2      | Gained mutation: When hurt, damage is shared between your health and your magic reserves. [demonic ancestry]
  1338 | D:2      | Reached XP level 3. HP: 14/27 MP: 3/3
  1499 | D:2      | Found a white marble altar of Elyvilon.
  1507 | D:2      | Noticed Jessica
  1529 | D:2      | Killed Jessica
  1529 | D:2      | Reached XP level 4. HP: 29/33 MP: 4/4
  1750 | D:2      | Found an iron altar of Okawaru.
  1758 | D:2      | Became a worshipper of Warmaster Okawaru
  1897 | D:2      | Reached skill level 1 in Invocations
  1901 | D:2      | Found a shadowy altar of Dithmenos.
  1937 | D:2      | Noticed Ijyb
  1946 | D:2      | Killed Ijyb
  2286 | D:3      | Reached XP level 5. HP: 36/38 MP: 6/6
  2571 | D:3      | Reached skill level 1 in Armour
  2779 | D:3      | Reached XP level 6. HP: 44/46 MP: 7/7
  3228 | D:4      | Reached skill level 5 in Long Blades
  3238 | D:4      | Found a sparkling altar of Nemelex Xobeh.
  3421 | D:4      | Found a shimmering altar of Xom.
  3711 | D:5      | Entered Level 5 of the Dungeon
  3765 | D:5      | Found a burning altar of Makhleb.
  3768 | D:5      | Noticed Pikel
  3807 | D:5      | Killed Pikel
  3807 | D:5      | Reached * piety under Okawaru
  3807 | D:5      | Reached ** piety under Okawaru
  3807 | D:5      | Gained mutation: You have sharp fingernails. [demonic ancestry]
  3807 | D:5      | Reached XP level 7. HP: 20/54 MP: 3/10
  4148 | D:5      | Learned a level 1 spell: Apportation
  4150 | D:5      | Learned a level 1 spell: Summon Butterflies
  4322 | D:5      | Reached skill level 5 in Invocations
  4429 | D:5      | Found a radiant altar of Vehumet.
  4652 | D:5      | Noticed Crazy Yiuf
  4703 | D:5      | Killed Crazy Yiuf
  4838 | D:5      | Reached XP level 8. HP: 44/61 MP: 11/11
  4969 | D:6      | Found an oddly glowing altar of Pakellas.
  5065 | D:6      | Reached skill level 6 in Long Blades
  5072 | D:6      | Got a fine chain mail
  5083 | D:6      | Identified the +1 chain mail of the Moon {Str+4} (You found it on level 6 of the Dungeon)
  5124 | D:6      | Found a staircase to the Ecumenical Temple.
  5147 | Temple   | Entered the Ecumenical Temple
  5391 | D:6      | Killed from afar by an orc priest

Vault maps used:
D:1:      dpeg_cavernosity, serial_corexii_hall, corexii_hall_statues_deadend,
          corexii_hall_statues_s, kennysheep_nondescript,
          minmay_misc_feat_diagonals, hangedman_decor_points
D:2:      okawaru_trees_2, lemuel_coloured_pillars_altar,
          nicolae_overflow_hidden_temple, first_bread, uniq_terence,
          uniq_jessica, uniq_iyjb
D:3:      serial_bayou_pond_a, roderic_batcave, kennysheep_generic_room_16
D:4:      lemuel_round_altar, old_standard_altar, minmay_liquid_box
D:5:      vehumet_statue, bloody_makhleb, uniq_pikel, uniq_crazy_yiuf_cottage
D:6:      cheibriados_altar_wand_db, old_standard_altar,
          minmay_temple_entry_junction, serial_glass, glass_columns_a,
          glass_columns_b, glass_columns_a, glass_columns_c, feat_on_display,
          due_unseen_surprise, minmay_strange_pillars, feat_on_display,
          grunt_pakellas_basics
Temple:   nicolae_temple_great_sept

Action                   |  1- 3 |  4- 6 |  7- 9 || total
-------------------------+-------+-------+-------++-------
Melee: Long sword        |    91 |   211 |   142 ||   444
Throw: Throwing net      |     1 |       |       ||     1
Invok: Heroism           |       |       |     1 ||     1
  Use: Scroll            |       |    16 |     2 ||    18
  Eat: Chunk             |     1 |     8 |     6 ||    15
